 Dungeon Crawl Stone Soup version 0.29.0-4-gdea44cf6ec (webtiles) character file.

Game seed: 4174193819416615473

30 qw the Chopper (level 3, -8/21 HPs)
             Began as a Tengu Warper on Aug 29, 2022.
             Mangled by Sigmund
             ... wielding a +0 scythe
              (9 damage)
             ... on level 2 of the Dungeon.
             The game lasted 00:00:22 (996 turns).

qw the Chopper (Tengu Warper)                        Turns: 996, Time: 00:00:23

Health: -8/21      AC:  3    Str: 19    XL:     3   Next: 20%
Magic:  7/7        EV: 12    Int: 13    God:
Gold:   50         SH:  0    Dex: 13    Spells: 6/6 levels left

rFire   . . .      SeeInvis .   Y - +0 hand axe
rCold   . . .      Faith    .   (no shield)
rNeg    . . .      Spirit   .   b - +0 leather armour
rPois   .          Reflect  .   (helmet restricted)
rElec   .          Harm     .   (no cloak)
rCorr   .          Rampage  .   (no gloves)
Will    .....                   (boots unavailable)
Stlth   +.........              (no amulet)
HPRegen 0.07/turn               i - +6 ring of strength
MPRegen 0.10/turn               (no ring)

@: no status effects
A: beak, talons 3
a: no special abilities


You were on level 2 of the Dungeon.
You visited 1 branch of the dungeon, and saw 2 of its levels.

You collected 61 gold pieces.
You spent 11 gold pieces at shops.


Innate Abilities, Weirdness & Mutations

You have a beak for a mouth.
You have claws for feet.


   Skills:
 - Level 2.0 Fighting
 + Level 3.9 Axes
 - Level 1.0 Throwing
 - Level 1.1 Armour
 - Level 2.1 Dodging
 - Level 2.0 Spellcasting
 - Level 2.4 Translocations


You had 6 spell levels left.
You didn't know any spells.
Your spell library contained the following spells:

 Spells                   Type           Power      Damage    Failure   Level
 Blink                    Tloc           14%        N/A       17%         2
 Gell's Gravitas          Tloc           7%         N/A       34%         3
 Lesser Beckoning         Tloc           7%         N/A       34%         3
 Teleport Other           Tloc           7%         N/A       34%         3
 Manifold Assault         Tloc           7%         N/A       97%         5

Inventory:

Hand Weapons
 f - a +0 club
 Y - a +0 hand axe (weapon)
Armour
 b - a +0 leather armour (worn)
Jewellery
 i - a +6 ring of strength (left hand)
Potions
 e - a potion of curing
 g - a potion of resistance {unknown}
 h - a potion of mutation {unknown}

Dungeon Overview and Level Annotations

Branches:
Dungeon (2/15)

Altars:

Shops:
D:1 (

Annotations:
D:2 Sigmund


Message History

Partly explored, can't reach some places.
981 ||| DROPPING scroll of blinking.
You drop a scroll of blinking.
Partly explored, can't reach some places.
(D) Dungeon
Where to? (* - list waypoints, ? - help)
What level of the Dungeon? (default 1, ? - help)
There is a stone staircase leading down here.
You climb downwards.
Found a marble ring.
There is a stone staircase leading up here.
Sigmund is nearby!
Existing waypoints: (2) D:1 Assign waypoint to what number? (0-9, D - delete waypoint) Waypoint 1 assigned to D:2.
Enter note:
Found a glowing orange potion.
Sigmund shouts!
Sigmund barely misses you.
You hit Sigmund. Your kick misses Sigmund. You peck Sigmund.
Sigmund is lightly wounded.
Sigmund flickers, as though insubstantial.
Sigmund hits you with a +0 scythe.
A rat comes into view.
You hit Sigmund.
Sigmund is moderately wounded.
Sigmund hits you with a +0 scythe!
You barely miss Sigmund. You peck Sigmund.
Sigmund is moderately wounded.
You hit Sigmund.
Sigmund is moderately wounded.
Sigmund hits you with a +0 scythe.
You closely miss Sigmund. You claw Sigmund.
Sigmund is heavily wounded.
Sigmund casts a spell.
Sigmund flickers and vanishes!
Deactivating autopickup; reactivate with Ctrl-A.
996 ||| FLEEEEING.
Something hits you! Something hits you!
You die...

.# .##### # ..
..... .#
#.##...##.###
#.=..........
#...........
.......# #...#
###<@.#######
#......r...!.
.........{######
######...##
##.## ###


You could see a rat.

Vanquished Creatures
  A dart slug (D:1)
  3 ball pythons (D:1)
  4 bats (D:1)
  2 endoplasms (D:1)
  5 goblins (D:1)
  3 hobgoblins (D:1)
  A kobold (D:1)
  A quokka (D:1)
  A frilled lizard (D:1)
  2 rats (D:1)
23 creatures vanquished.

Notes
Turn   | Place    | Note
-------+----------+-------------------------------------------
     0 | D:1      | qw the Tengu Warper began the quest for the Orb.
     0 | D:1      | Reached XP level 1. HP: 12/12 MP: 4/4
     0 | D:1      | 0 ||| qw: Version: 0.1-a-89-g26bdef1
     0 | D:1      | 0 ||| qw: Game counter: 3628
     0 | D:1      | 0 ||| qw: Always use a shield: true
     0 | D:1      | 0 ||| qw: God list: Okawaru
     0 | D:1      | 0 ||| qw: Allow faded altars: false
     0 | D:1      | 0 ||| qw: Do Orc after D:15 true
     0 | D:1      | 0 ||| qw: Do second Lair branch before Depths: true
     0 | D:1      | 0 ||| qw: Lair rune preference: random
     0 | D:1      | 0 ||| qw: Plans: Normal
     0 | D:1      | 0 ||| PLANNING D:1-11
    88 | D:1      | Found Hetroite's Weapon Shop.
    95 | D:1      | 95 ||| BUYING +0 club (11 gold).
    95 | D:1      | Bought a +0 club for 11 gold pieces
    95 | D:1      | 95 ||| SHOPLISTING +0 mace (33 gold, have 24).
    95 | D:1      | 95 ||| SHOPLISTING +0 whip (27 gold, have 24).
   122 | D:1      | 122 ||| Stepping ~*~*~tactically~*~*~ (stealth).
   125 | D:1      | Reached XP level 2. HP: 17/17 MP: 6/6
   130 | D:1      | Reached skill level 3 in Axes
   420 | D:1      | 420 ||| Stepping ~*~*~tactically~*~*~ (stealth).
   570 | D:1      | Found a faded altar of an unknown god.
   588 | D:1      | 588 ||| Stepping ~*~*~tactically~*~*~ (stealth).
   590 | D:1      | 590 ||| Stepping ~*~*~tactically~*~*~ (stealth).
   597 | D:1      | Reached XP level 3. HP: 18/21 MP: 7/7
   820 | D:1      | 820 ||| Stepping ~*~*~tactically~*~*~ (stealth).
   978 | D:1      | 978 ||| UPGRADING to +6 ring of strength.
   979 | D:1      | 979 ||| READING scroll labelled SYGEH QOXYTWE.
   980 | D:1      | 980 ||| DRINKING 2 sapphire potions.
   981 | D:1      | 981 ||| DROPPING scroll of blinking.
   988 | D:2      | Noticed Sigmund
   996 | D:2      | 996 ||| FLEEEEING.
   996 | D:2      | HP: 1/21 [something (7)]
   996 | D:2      | Mangled by Sigmund

Levels and vault maps discovered:
D:1:      saegor_arrival_fortress, layout_basic, basic_ecumenical_altar,
          serial_shops, nicolae_shop_bloodbath_and_beyond
D:2:      layout_loops_ring, grunt_decor_cap, uniq_terence, uniq_sigmund

Skill      XL: |  1  2 |
---------------+-------+-----
Axes           | 3 |  3.9
Fighting       | |  2.0
Throwing       | |  1.0
Armour         | |  1.1
Dodging        | |  2.1
Spellcasting   | |  2.0
Translocations | |  2.4

Action                   || total
-------------------------++-------
Melee: Hand axe          ||    42
       Kick              ||     9
       Peck              ||     9
Throw: Boomerang         ||     7
       Javelin           ||     4
  Use: Scroll            ||     1
       Potion            ||     1
 Stab: Sleeping          ||     1
Armor: Leather armour    ||     5
Dodge: Dodged            ||    13

Table legend:
 A = Non-vault XP
 B = Vault XP
 C = Vault XP percentage of total XP
 D = Non-vault monster count
 E = Vault monster count
 F = Vault count percentage of total count
                 A         B        C        D         E       F
            +---------+---------+-------+---------+---------+-------
      Total |      44 |       0 |   0.0 |      23 |       0 |   0.0
            +---------+---------+-------+---------+---------+-------
        D:1 |      44 |       0 |   0.0 |      23 |       0 |   0.0
            +---------+---------+-------+---------+---------+-------
